 Dungeon Crawl Stone Soup version 0.29-a0-330-g52719c12eb (webtiles) character file.

Game seed: 6354031855752501959

49 spiderkeys the Skirmisher (level 3, -2/33 HPs)
             Began as a Ghoul Abyssal Knight on Apr 13, 2022.
             Was a Priest of Lugonu.
             Killed from afar by Natasha (7 damage)
             ... with a magic dart
             ... on level 2 of the Dungeon.
             The game lasted 00:02:00 (1842 turns).

spiderkeys the Skirmisher (Ghoul Abyssal Knight)    Turns: 1842, Time: 00:02:01

Health: -2/33      AC:  3    Str: 18    XL:     3   Next: 77%
Magic:  4/4        EV: 11    Int:  5    God:    Lugonu [***...]
Gold:   30         SH:  0    Dex:  9    Spells: 2/2 levels left

rFire   . . .      SeeInvis .   a - +1 hand axe
rCold   + . .      Faith    +   (no shield)
rNeg    + + +      Spirit   .   p - +1 robe {Will+}
rPois   ∞          Reflect  .   (no helmet)
rElec   .          Harm     .   (no cloak)
rCorr   .          Rampage  .   (no gloves)
Will    +....                   (no boots)
Stlth   +.........              T - amulet of faith {!P}
HPRegen 0.00/turn               (no ring)
MPRegen 0.09/turn               (no ring)

@: inhibited regen
A: claws 1, cold resistance 1, negative energy resistance 3, inhibited
regeneration, torment resistance 2, devour on kill
a: Renounce Religion, Depart the Abyss, Bend Space, Banish


You were on level 2 of the Dungeon.
You worshipped Lugonu.
Lugonu was most pleased with you.
You visited 1 branch of the dungeon, and saw 2 of its levels.
You visited the Abyss 1 time.

You collected 30 gold pieces.


Innate Abilities, Weirdness & Mutations

You are immune to poison.
You have sharp fingernails.
Your flesh is cold resistant. (rC+)
You are immune to negative energy. (rN+++)
You do not regenerate when monsters are visible.
You are immune to unholy pain and torment.
You thrive by killing the living.


   Skills:
 + Level 3.7 Fighting
 + Level 2.3 Axes
 + Level 2.3 Armour
 - Level 1.0 Dodging
 + Level 2.7 Invocations


You had 2 spell levels left.
You didn't know any spells.
Your spell library contained the following spells:

 Spells                   Type           Power      Damage    Failure   Level
 Sandblast                Erth           0%         2d4       47%         1
 Shock                    Conj/Air       0%         1d3       47%         1
 Passwall                 Tmut/Erth      0%         N/A       63%         2
 Stone Arrow              Conj/Erth      0%         3d7       85%         3
 Swiftness                Air            0%         N/A       85%         3
 Airstrike                Air            0%         N/A       99%         4

Inventory:

Hand Weapons
 a - a +1 hand axe (weapon)
Missiles
 c - 84 stones
 g - 4 poisoned darts
 i - 4 boomerangs
Armour
 b - a +0 leather armour
 e - a +0 ring mail
   (You found it on level 1 of the Dungeon)
 p - a +1 robe of willpower (worn)
   (You found it on level 1 of the Dungeon)
 q - a +0 chain mail
   (You found it on level 1 of the Dungeon)
 r - a +0 robe
   (You found it on level 2 of the Dungeon)
Jewellery
 T - an amulet of faith (around neck) {!P}
   (You found it on level 1 of the Dungeon)
Scrolls
 f - a scroll of teleportation {unknown}
 h - a scroll of vulnerability {unknown}
 j - a scroll of enchant weapon {unknown}
 n - a scroll of identify {unknown}
 s - a scroll of torment {unknown}
 t - a scroll of immolation {unknown}
Potions
 d - a potion of lignification {unknown}
 k - a potion of curing {unknown}
 l - a potion of heal wounds {unknown}
 m - a potion of brilliance {unknown}
 o - a potion of might {unknown}

Dungeon Overview and Level Annotations

Branches:
Dungeon (2/15)

Altars:

Annotations:
D:2 Natasha

####### #.....#
#####.....#####
......(...@h.>#
###.....###.#
#.....#
############.####
#............# ..
#............# .#
#............# .#
#............##.#
#...............#


You could see Natasha.


Message History

No target in view!
A jackal comes into view.
A jackal is nearby!
A jackal is nearby!
A jackal is nearby!
The jackal barks!
You hear a shout!
A hobgoblin comes into view.
The jackal bites you. The jackal closely misses you. 😕 HP[-2]
You take 2 damage, and now have 27/33 hp.
You hit the jackal.
The jackal bites you but does no damage.
The jackal bites you. 😕 HP[-2]
You take 2 damage, and now have 25/33 hp.
You closely miss the jackal. The jackal bites you. 😮 HP[-2]
You take 2 damage, and now have 23/33 hp.
You are too injured to fight recklessly!
You are too injured to fight recklessly!
You are too injured to fight recklessly!
You are too injured to fight recklessly!
You hit the jackal.
You kill the jackal!
Lugonu accepts your kill.
You feel better. 😕 HP[+2]
You regained 2 hp, and now have 25/33 hp.
The hobgoblin hits you but does no damage.
You hit the hobgoblin. The hobgoblin barely misses you.
You barely miss the hobgoblin. The hobgoblin barely misses you.
You hit the hobgoblin.
You kill the hobgoblin!
Lugonu accepts your kill.
You feel better. 😕 HP[+3]
You regained 3 hp, and now have 28/33 hp.
You start resting.
A dart slug comes into view. 😕 HP[+1]
A dart slug is nearby!
You hit the dart slug.
The dart slug bites you but does no damage.
You hit the dart slug. You hit the dart slug.
You kill the dart slug!
Lugonu accepts your kill.
You feel better. 😕 HP[+1] No target in view!
No target in view!
c - 84 stones (gained 16)
t - a scroll labelled BUFISUBYTZ 😎 HP[+3]
Your hp is fully restored (33).
Natasha, Servant of Life and Death comes into view.
Found a stone staircase leading down.
Natasha hisses angrily.
Natasha stares at you and mumbles some strange words.
The magic dart hits you! 😕 HP[-8]
You take 8 damage, and now have 25/33 hp.
MASSIVE DAMAGE!! (PAUSE) Natasha stares at you and mumbles some strange words.
The magic dart hits you. 😮 HP[-4]
You take 4 damage, and now have 21/33 hp.
You are too injured to fight recklessly!
Natasha casts a spell at you. The magic dart hits you.
* * * LOW HITPOINT WARNING * * *
😨 HP[-6]
You take 6 damage, and now have 15/33 hp.
Natasha casts a spell at you. The magic dart hits you.
* * * LOW HITPOINT WARNING * * *
😨 HP[-3]
You take 3 damage, and now have 12/33 hp.
You hit Natasha. Natasha barely misses you.
You completely miss Natasha.
Natasha hisses.
Natasha claws you but does no damage.
You hit Natasha. Natasha casts a spell at you. The magic dart hits you.
* * * LOW HITPOINT WARNING * * *
Natasha casts a spell at you.
You resist with almost no effort. 😱 HP[-4]
You take 4 damage, and now have 8/33 hp.
You hit Natasha but do no damage. Natasha claws you.
* * * LOW HITPOINT WARNING * * *
😱 HP[-3]
You take 3 damage, and now have 5/33 hp.
You closely miss Natasha. Your claw misses Natasha.
Natasha claws you but does no damage.
You hit Natasha. Natasha casts a spell at you. The magic dart hits you!
You die...

Skill      XL: |  1  2 |
---------------+-------+-----
Dodging        | 1 |  1.0
Armour         | 2 |  2.3
Axes           | 2 |  2.3
Fighting       | |  3.7
Invocations    | |  2.7

Action                   || total
-------------------------++-------
Melee: Hand axe          ||   117
 Stab: Sleeping          ||     1
Armor: Leather armour    ||    25
       Robe              ||     8
Dodge: Dodged            ||    86

Levels and vault maps discovered:
D:1:      dpeg_arrival_signposts, layout_loops_cross, minmay_pentomino_x2
D:2:      layout_basic, hellmonk_ecumenical_altar_blasted, uniq_natasha

Notes
Turn   | Place    | Note
-------+----------+-------------------------------------------
     0 | Abyss:1  | spiderkeys the Ghoul Abyssal Knight began the quest for the
                  | Orb.
     0 | Abyss:1  | Reached XP level 1. HP: 19/19 MP: 1/1
     0 | Abyss:1  | magus.rc [v1.11.3]
    24 | D:1      | You pass through the gate.
    24 | D:1      | Escaped the Abyss
   113 | D:1      | Reached skill level 1 in Dodging
   162 | D:1      | Reached skill level 2 in Armour
   162 | D:1      | Reached XP level 2. HP: 18/26 MP: 2/2
   172 | D:1      | Reached skill level 2 in Axes
   616 | D:1      | Reached XP level 3. HP: 31/31 MP: 3/3
   806 | D:1      | Reached *** piety under Lugonu
  1274 | D:2      | You pick up a book of Geomancy and begin reading...
  1274 | D:2      | You add the spells Sandblast, Passwall and Stone Arrow to
                  | your library.
  1293 | D:2      | HP: 2/33 [gnoll/+0 spear (7)]
  1757 | D:2      | You pick up a book of Air and begin reading...
  1757 | D:2      | You add the spells Shock, Swiftness and Airstrike to your
                  | library.
  1832 | D:2      | Noticed Natasha
  1839 | D:2      | HP: 8/33 [Natasha/magic dart (4)]
  1842 | D:2      | Killed from afar by Natasha

Vanquished Creatures
  A dart slug (D:2)
  3 bats
  3 endoplasms (D:1)
  2 giant cockroaches
  6 goblins (D:1)
  3 hobgoblins
  5 jackals
  4 quokkas (D:1)
  2 ball pythons
  4 frilled lizards
  4 kobolds
  4 rats (D:1)
41 creatures vanquished.

Table legend:
 A = Non-vault XP
 B = Vault XP
 C = Vault XP percentage of total XP
 D = Non-vault monster count
 E = Vault monster count
 F = Vault count percentage of total count
                 A         B        C        D         E       F
            +---------+---------+-------+---------+---------+-------
      Total |      67 |       4 |   5.6 |      39 |       2 |   4.9
            +---------+---------+-------+---------+---------+-------
        D:1 |      50 |       4 |   7.4 |      30 |       2 |   6.2
        D:2 |      17 |       0 |   0.0 |       9 |       0 |   0.0
            +---------+---------+-------+---------+---------+-------

Illustrated notes

Table legend:
 A = Kills in this place as a percentage of kills in entire the game.
 B = Kills by you in this place as a percentage of kills by you in the entire game.
 C = Kills by friends in this place as a percentage of kills by friends in the entire game.
 D = Other kills in this place as a percentage of other kills in the entire game.
 E = Experience gained in this place as a percentage of experience gained in the entire game.
 F = Experience gained in this place divided by the number of levels of this place that you have seen.
                   A       B       C       D       E      F
               +-------+-------+-------+-------+-------+----------------------
         Total | 100.0 | 100.0 |   N/A |   N/A | 100.0 |  23.7
       Dungeon | 100.0 | 100.0 |   N/A |   N/A | 100.0 |  35.5
               +-------+-------+-------+-------+-------+----------------------

Table legend: (Time is in decaauts)
 A = Elapsed time spent in this place.
 B = Non-inter-level travel time spent in this place.
 C = Inter-level travel time spent in this place.
 D = Time resting spent in this place.
 E = Time spent auto-exploring this place.
 F = Levels seen in this place.
 G = Mean time per level.
                   A        B        C        D        E       F      G
               +--------+--------+--------+--------+--------+-----+--------+
         Total |   1867 |   1698 |    169 |    332 |   1048 |   3 |  622.3 |
       Dungeon |   1843 |   1674 |    169 |    332 |   1033 |   2 |  921.5 |
         Abyss |     24 |     24 |      0 |      0 |     15 |   1 |   24.0 |
               +--------+--------+--------+--------+--------+-----+--------+

Top non-repeatable levels by time:
     D:1: 1651 daAuts
     D:2: 191 daAuts
 Abyss:1: 24 daAuts
